 Dungeon Crawl Stone Soup version 0.30-a0-726-gd89dcf765f (webtiles) character file.

Game seed: 1809100051872186663

203 hbarley the Chopper (level 6, -1/48 HPs)
             Began as a Human Monk on Jan 29, 2023.
             Slain by an ogre
             ... wielding a +0 giant club
              (19 damage)
             ... on level 4 of the Dungeon.
             The game lasted 00:12:25 (2974 turns).

hbarley the Chopper (Human Monk)                    Turns: 2974, Time: 00:12:26

Health: -1/48      AC: 15    Str: 14    XL:     6   Next: 8%
Magic:  6/6        EV:  5    Int: 10    God:
Gold:   97         SH:  0    Dex: 15    Spells: 5/5 levels left

rFire   . . .      SeeInvis .    a - +0 hand axe
rCold   . . .      Faith    .    (no shield)
rNeg    . . .      Spirit   .    n - +0 plate armour
rPois   .          Reflect  .    (no helmet)
rElec   .          Harm     .    f - +0 cloak
rCorr   .          Rampage  .    e - +1 pair of gloves
Will    .....                    q - +0 pair of boots Stlth
                                 (no amulet)
HPRegen 0.28/turn                (no ring)
MPRegen 0.10/turn                (no ring)

@: no status effects
A: no striking features
a: no special abilities


You were on level 4 of the Dungeon.
You visited 1 branch of the dungeon, and saw 4 of its levels.

You collected 160 gold pieces.
You spent 63 gold pieces at shops.

Inventory:

Hand Weapons
 a - a +0 hand axe (weapon)
Armour
 b - a +0 robe
 e - a +1 pair of gloves (worn)
 f - a +0 cloak (worn)
 n - a +0 plate armour (worn)
 q - a +0 pair of boots (worn)
Scrolls
 d - 4 scrolls of fog {unknown}
 g - a scroll of identify {unknown}
 j - a scroll of teleportation {unknown}
 k - 2 scrolls of noise {unknown}
 m - a scroll of vulnerability {unknown}
 p - a scroll of magic mapping {unknown}
 s - a scroll of poison {unknown}
 t - a scroll of acquirement {unknown}
 u - a scroll of amnesia {unknown}
Potions
 c - a potion of ambrosia
 h - 2 potions of lignification {unknown}
 i - a potion of curing
 l - a potion of heal wounds
 o - a potion of magic {unknown}
 r - a potion of might {unknown}


   Skills:
 + Level 3.8 Fighting
 + Level 4.3 Axes
 * Level 2.1 Armour
 * Level 4.0 Dodging
 - Level 2.2 Stealth


You had 5 spell levels left.
You didn't know any spells.
Your spell library contained the following spells:

 Spells                   Type           Power      Damage    Failure   Level
 Frozen Ramparts          Ice            0%         1d1       100%        3
 Ice Form                 Ice/Tmut       0%         N/A       100%        4
 Summon Ice Beast         Ice/Summ       0%         N/A       100%        4
 Yara's Violent Unravell  Hex/Tmut       0%         3d3       100%        5
 Enfeeble                 Hex            0%         N/A       100%        7


Dungeon Overview and Level Annotations

Branches:
Dungeon (4/15)
 Temple: D:4-7

Altars:
Kikubaaqudgha
Sif Muna
Wu Jian

Shops:
D:3 [


Message History

You miss the jackal. You hit the jackal.
The jackal bites you but does no damage. x2
You hit the ogre but do no damage.
The ogre is moderately wounded.
You closely miss the jackal. You hit the jackal but do no damage. x2
The jackal bites you but does no damage.
The jackal bites you.
The jackal bites you but does no damage.
The ogre hits you but does no damage.
The jackal bites you but does no damage. x3
You barely miss the ogre.
The ogre is moderately wounded.
You closely miss the jackal. You hit the jackal but do no damage. x2
The jackal bites you but does no damage. x3
The ogre hits you with a +0 giant club! The jackal barely misses you.
The jackal bites you but does no damage.
You hit the ogre but do no damage.
The ogre is moderately wounded.
You hit the jackal. You barely miss the jackal. You hit the jackal.
The jackal barely misses you. The jackal bites you.
The jackal bites you but does no damage. x2
The ogre hits you but does no damage.
You hit the ogre.
The ogre is heavily wounded.
You closely miss the jackal. You hit the jackal.
You kill the jackal!
You barely miss the jackal. The jackal closely misses you.
The jackal bites you but does no damage. x2
You hit the ogre.
The ogre is severely wounded.
You barely miss the jackal. You miss the jackal.
The jackal bites you but does no damage.
The jackal barely misses you. The ogre barely misses you.
The jackal bites you but does no damage.
You hit the ogre.
The ogre is severely wounded.
You hit the jackal. You closely miss the jackal.
The jackal bites you but does no damage. x2
The ogre hits you with a +0 giant club!!
You die...

......)...# ..........
.......... ## .........
...#. ......... .....
#......####### .....##
#.#..hOh...... .......##
#.# #.@.# .....#..# #.#
###.#
.....##.###.#####.#######
................[........
.....#.##...#####..######
......[...### ##..#
....#...###### #.#
....#........# .>.
...#...#####.# #....


You could see an ogre and 2 jackals.

Vanquished Creatures
  Blork the orc (D:4)
  An iguana (D:4)
  3 adders
  2 worms (D:3)
  2 dart slugs
  3 endoplasms
  2 giant cockroaches
  3 goblins (D:1)
  5 hobgoblins
  8 jackals
  7 kobolds
  8 quokkas
  6 ball pythons
  7 bats
  6 frilled lizards
  7 rats
71 creatures vanquished.

Vanquished Creatures (others)
  9 plants
9 creatures vanquished.

Grand Total: 80 creatures vanquished

Notes
Turn   | Place    | Note
-------+----------+-------------------------------------------
     0 | D:1      | hbarley the Human Monk began the quest for the Orb.
     0 | D:1      | Reached XP level 1. HP: 18/18 MP: 1/1
    63 | D:1      | Reached XP level 2. HP: 24/24 MP: 2/2
   413 | D:1      | Reached XP level 3. HP: 27/29 MP: 3/3
  1225 | D:2      | Reached XP level 4. HP: 30/36 MP: 4/4
  1992 | D:3      | Reached skill level 1 in Armour
  2214 | D:3      | Found Pedipog's Armour Boutique.
  2222 | D:3      | Bought a +0 pair of boots for 63 gold pieces
  2246 | D:3      | Reached XP level 5. HP: 42/42 MP: 5/5
  2249 | D:3      | Found a faded altar of an unknown god.
  2413 | D:3      | Found a shimmering blue altar of Sif Muna.
  2413 | D:3      | Found an ornate altar of the Wu Jian Council.
  2413 | D:3      | Found an ancient bone altar of Kikubaaqudgha.
  2767 | D:4      | Noticed Blork the orc
  2783 | D:4      | HP: 1/42 [Blork the orc/+2 heavy long sword (17)]
  2789 | D:4      | Killed Blork the orc
  2790 | D:4      | Reached XP level 6. HP: 15/48 MP: 6/6
  2960 | D:4      | Noticed an ogre
  2974 | D:4      | Slain by an ogre

Illustrated notes

Levels and vault maps discovered:
D:1:      giann_bridges, layout_basic, serial_bayou, serial_bayou_shore_a,
          serial_bayou_shore_b, serial_bayou_pond_c, serial_bayou_crossing,
          minmay_close_crescents
D:2:      layout_basic, eino_tiny_chamber
D:3:      layout_basic, gammafunk_temple_overflow_claw, serial_shops,
          nicolae_shop_trees, chequers_ecumenical_altar_lobes,
          corexii_hall_statues_i
D:4:      layout_rooms, uniq_blork_the_orc

Skill      XL: |  1  2  3  4  5 |
---------------+----------------+-----
Armour         | 1 2 |  2.1
Axes           | 4 |  4.3
Dodging        | 4 |  4.0
Fighting       | |  3.8
Stealth        | |  2.2

Action                     |  1- 3 |  4- 6 || total
---------------------------+-------+-------++-------
  Melee: Hand axe          |   151 |   128 ||   279
         Punch             |     1 |     2 ||     3
    Use: Potion            |       |     5 ||     5
   Stab: Sleeping          |     4 |       ||     4
         Distracted        |     1 |       ||     1
 Armour: Robe              |    41 |     6 ||    47
         Plate armour      |       |   101 ||   101
  Dodge: Dodged            |   119 |    48 ||   167

Table legend: (Time is in decaauts)
 A = Elapsed time spent in this place.
 B = Non-inter-level travel time spent in this place.
 C = Inter-level travel time spent in this place.
 D = Time resting spent in this place.
 E = Time spent auto-exploring this place.
 F = Levels seen in this place.
 G = Mean time per level.
                   A        B        C        D        E       F      G
               +--------+--------+--------+--------+--------+-----+--------+
         Total |   3046 |   2735 |    311 |    207 |   1877 |   4 |  761.5 |
       Dungeon |   3046 |   2735 |    311 |    207 |   1877 |   4 |  761.5 |
               +--------+--------+--------+--------+--------+-----+--------+

Top non-repeatable levels by time:
     D:1: 1058 daAuts
     D:2: 887 daAuts
     D:3: 846 daAuts
     D:4: 254 daAuts
